 Dungeon Crawl Stone Soup version 0.25-a0-36-g303dd5b1f4 (webtiles) character file.

Game seed: 12624419400065656847, levelgen mode: deterministic

91 Ablot the Charmwright (level 4, -4/38 HPs)
             Began as a Gnoll Skald on Oct 19, 2019.
             Killed by divine providence
             ... invoked by an orc priest
              (10 damage)
             ... on level 3 of the Dungeon.
             The game lasted 00:02:57 (1761 turns).

Ablot the Charmwright (Gnoll Skald)                 Turns: 1761, Time: 00:02:57

Health: -4/38      AC:  4    Str: 14    XL:     4   Next: 59%
Magic:  1/11       EV: 14    Int: 15    God:
Gold:   125        SH:  0    Dex: 15    Spells: 2/13 levels left

rFire    . . .     SeeInvis .   a - +0 spear
rCold    . . .     Gourm    .   (no shield)
rNeg     . . .     Faith    .   b - +0 leather armour
rPois    .         Spirit   .   (no helmet)
rElec    .         Reflect  .   o - +0 cloak
rCorr    .         Harm     .   (no gloves)
MR       .....                  (no boots)
Stlth    ++........             (no amulet)
HPRegen  0.12/turn              (no ring)
MPRegen  0.12/turn              (no ring)

@: no status effects
A: distributed training, fangs 1, strong nose
a: no special abilities


You were on level 3 of the Dungeon.
You were very hungry.

You visited 1 branch of the dungeon, and saw 3 of its levels.

You collected 125 gold pieces.

Inventory:

Hand Weapons
 a - a +0 spear (weapon)
Missiles
 f - 48 sling bullets
 g - 19 arrows
 k - 17 poisoned darts
 l - 37 stones
 n - 6 javelins (quivered)
 q - 4 atropa-tipped darts
Armour
 b - a +0 leather armour (worn)
 o - a +0 cloak (worn)
Wands
 r - a wand of iceblast (4)
Scrolls
 h - a scroll of enchant armour {unknown}
 j - 2 scrolls of teleportation {unknown}
 p - a scroll of identify {unknown}
Potions
 c - 3 potions of agility {unknown}
 e - 2 potions of cancellation {unknown}
 i - a potion of curing {unknown}
Comestibles
 d - 2 rations


   Skills:
 + Level 4.6 Fighting
 + Level 1.1 Short Blades
 + Level 1.1 Long Blades
 + Level 1.1 Axes
 + Level 1.1 Maces & Flails
 + Level 4.6 Polearms
 + Level 1.1 Staves
 + Level 1.1 Slings
 + Level 1.1 Bows
 + Level 1.1 Crossbows
 + Level 1.1 Throwing
 + Level 2.7 Armour
 + Level 4.6 Dodging
 + Level 1.1 Stealth
 + Level 1.1 Shields
 + Level 1.1 Unarmed Combat
 + Level 5.1 Spellcasting
 + Level 0.9 Conjurations
 + Level 0.9 Hexes
 + Level 5.4 Charms
 + Level 0.9 Summonings
 + Level 0.9 Necromancy
 + Level 0.9 Translocations
 + Level 0.9 Transmutations
 + Level 0.9 Fire Magic
 + Level 0.9 Ice Magic
 + Level 0.9 Air Magic
 + Level 0.9 Earth Magic
 + Level 0.9 Poison Magic
 + Level 1.2 Invocations
 + Level 1.1 Evocations


You had 2 spell levels left.
You knew the following spells:

 Your Spells              Type           Power        Failure   Level  Hunger
a - Infusion              Chrm           ###.         1%          1    None
b - Song of Slaying       Chrm           ###.....     3%          2    ##.....
c - Shroud of Golubria    Chrm/Tloc      ##....       9%          2    ##.....
d - Regeneration          Chrm/Necr      ##........   16%         3    ###....
e - Spectral Weapon       Hex/Chrm       ##......     16%         3    ###....

Your spell library contained the following spells:

 Spells                   Type           Power        Failure   Level  Hunger


Dungeon Overview and Level Annotations

Branches:
Dungeon (3/15)

Altars:
Elyvilon
Uskayaw
Wu Jian
Zin


Innate Abilities, Weirdness & Mutations

Your experience applies equally to all skills.
You have very sharp teeth.
Your uncanny sense of smell can sniff out nearby items.


Message History

Beogh smites you!
* * * LOW HITPOINT WARNING * * *
You completely miss the orc priest.
The orc priest is moderately wounded.
Your spectral weapon hits the orc priest but does no damage.
The orc priest hits you with a +0 short sword.
* * * LOW HITPOINT WARNING * * *
Unknown command.
You hit the orc priest but do no damage.
The orc priest is moderately wounded.
Your spectral weapon hits the orc priest from afar.
The orc priest casts a cantrip, but nothing happens.
The orc priest closely misses you.
Unknown command.
You hit the orc priest.
The orc priest is almost dead.
Your spectral weapon hits the orc priest from afar.
The orc priest mumbles some strange prayers to Beogh against you.
Beogh smites you!
You die...

.#.∆. ... ....
..#< ## ..
##... .. .. . ∆
...# ∆## ∆..
##..# ##...#
#####.<..#
#oo......#
#o###........._
#@# ##...#.##..
∆ #(# #...# #
#).# ...$# #.##
#....# ..
.....# ...
###..o. ....
.#### ##


You could see 2 orc priests, an orc and a friendly spectral +0 spear.

Vanquished Creatures
  An orc wizard (D:3)
  An adder (D:2)
  An ooze (D:2)
  A worm (D:2)
  A leopard gecko (D:2)
  4 orcs (D:3)
  A ball python (D:2)
  5 bats
  A giant cockroach (D:1)
  8 goblins
  4 hobgoblins
  A frilled lizard (D:1)
  6 kobolds
  8 rats
43 creatures vanquished.

Notes
Turn   | Place    | Note
-------+----------+-------------------------------------------
     0 | D:1      | Ablot the Gnoll Skald began the quest for the Orb.
     0 | D:1      | Reached XP level 1. HP: 20/20 MP: 6/6
   185 | D:1      | Reached XP level 2. HP: 20/26 MP: 7/7
   189 | D:1      | Learned a level 2 spell: Song of Slaying
   192 | D:1      | Learned a level 2 spell: Shroud of Golubria
   982 | D:2      | Found an ornate altar of the Wu Jian Council.
  1001 | D:2      | Reached XP level 3. HP: 30/31 MP: 6/9
  1006 | D:2      | Learned a level 3 spell: Regeneration
  1010 | D:2      | Learned a level 3 spell: Spectral Weapon
  1070 | D:2      | Found a white marble altar of Elyvilon.
  1077 | D:2      | Reached skill level 5 in Spellcasting
  1226 | D:2      | Found a glowing silver altar of Zin.
  1382 | D:2      | Reached skill level 1 in Invocations
  1621 | D:2      | Reached skill level 1 in Short Blades
  1621 | D:2      | Reached skill level 1 in Long Blades
  1621 | D:2      | Reached skill level 1 in Axes
  1621 | D:2      | Reached skill level 1 in Maces & Flails
  1621 | D:2      | Reached skill level 1 in Staves
  1621 | D:2      | Reached skill level 1 in Slings
  1621 | D:2      | Reached skill level 1 in Bows
  1621 | D:2      | Reached skill level 1 in Crossbows
  1621 | D:2      | Reached skill level 1 in Throwing
  1621 | D:2      | Reached skill level 1 in Stealth
  1621 | D:2      | Reached skill level 1 in Shields
  1621 | D:2      | Reached skill level 1 in Unarmed Combat
  1621 | D:2      | Reached skill level 1 in Evocations
  1658 | D:3      | Noticed an ogre
  1714 | D:3      | Found a hide-covered altar of Uskayaw.
  1734 | D:3      | Reached XP level 4. HP: 35/38 MP: 3/11
  1761 | D:3      | Killed from afar by an orc priest

Levels and vault maps discovered:
D:1:      denvon_arrival_waterhouse, layout_loops_corners
D:2:      layout_loops_corners, lemuel_crystal_altar, elyvilon_altar_5,
          lemuel_round_altar, minmay_door_square
D:3:      layout_rooms, nicolae_overflow_crystal_walls

Skill      XL: |  1  2  3 |
---------------+----------+-----
Spellcasting   | 5 |  5.1
Invocations    | 1 |  1.2
Short Blades   | 1 |  1.1
Long Blades    | 1 |  1.1
Axes           | 1 |  1.1
Maces & Flails | 1 |  1.1
Staves         | 1 |  1.1
Slings         | 1 |  1.1
Bows           | 1 |  1.1
Crossbows      | 1 |  1.1
Throwing       | 1 |  1.1
Stealth        | 1 |  1.1
Shields        | 1 |  1.1
Unarmed Combat | 1 |  1.1
Evocations     | 1 |  1.1
Fighting       | |  4.6
Polearms       | |  4.6
Armour         | |  2.7
Dodging        | |  4.6
Conjurations   | |  0.9
Hexes          | |  0.9
Charms         | |  5.4
Summonings     | |  0.9
Necromancy     | |  0.9
Translocations | |  0.9
Transmutations | |  0.9
Fire Magic     | |  0.9
Ice Magic      | |  0.9
Air Magic      | |  0.9
Earth Magic    | |  0.9
Poison Magic   | |  0.9

Action                   |  1- 3 |  4- 6 || total
-------------------------+-------+-------++-------
Melee: Spear             |   134 |    23 ||   157
       Bite              |    13 |     2 ||    15
       Punch             |       |     1 ||     1
 Cast: Shroud of Golubri |    13 |     1 ||    14
       Infusion          |     2 |       ||     2
       Spectral Weapon   |     1 |     1 ||     2
       Song of Slaying   |     1 |       ||     1
 Stab: Sleeping          |     6 |       ||     6
  Eat: Chunk             |     2 |       ||     2
Armor: Leather armour    |    14 |     2 ||    16
Dodge: Dodged            |    47 |    10 ||    57

Table legend:
 A = Non-vault XP
 B = Vault XP
 C = Vault XP percentage of total XP
 D = Non-vault monster count
 E = Vault monster count
 F = Vault count percentage of total count
                 A         B        C        D         E       F
            +---------+---------+-------+---------+---------+-------
      Total |     131 |       0 |   0.0 |      43 |       0 |   0.0
            +---------+---------+-------+---------+---------+-------
        D:1 |      23 |       0 |   0.0 |      16 |       0 |   0.0
        D:2 |      54 |       0 |   0.0 |      21 |       0 |   0.0
        D:3 |      54 |       0 |   0.0 |       6 |       0 |   0.0
            +---------+---------+-------+---------+---------+-------
